 Dungeon Crawl Stone Soup version 0.31.0-11-ge490571c62 (webtiles) character file.

Game seed: 9982459773811009702

533 qw the Skirmisher (level 7, -10/40 HPs)
             Began as a Deep Elf Hunter on Feb 4, 2024.
             Mangled by Duvessa
             ... wielding a +0 rapier
              (12 damage)
             ... on level 5 of the Dungeon.
             The game lasted 00:00:24 (3620 turns).

qw the Skirmisher (Deep Elf Hunter)                 Turns: 3620, Time: 00:00:25

Health: -10/40     AC:  9    Str: 10    XL:     7   Next: 4%
Magic:  9/9        EV: 11    Int: 14    God:
Gold:   224        SH:  0    Dex: 18    Spells: 6/6 levels left

rFire   . . .        a - +0 shortbow
rCold   . . .        (shield currently unavailable)
rNeg    . . .        e - +0 ring mail
rPois   .            j - +1 helmet
rElec   .            h - +0 cloak
rCorr   .            (no gloves)
SInv    .            m - +0 pair of boots
Will    .....        c - amulet of faith
Stlth   +            (no ring)
HPRegen 0.26/turn    (no ring)
MPRegen 0.11/turn

%: faith
@: about to teleport
A: no striking features
a: no special abilities


You were on level 5 of the Dungeon.
You visited 1 branch of the dungeon, and saw 5 of its levels.

You collected 224 gold pieces.


   Skills:
 - Level 2.4 Fighting
 + Level 10.1 Ranged Weapons
 - Level 1.3 Armour
 - Level 3.1 Dodging
 - Level 1.2 Stealth


You had 6 spell levels left.
You didn't know any spells.
Your spell library was empty.

Inventory:

Hand Weapons
 a - a +0 shortbow (weapon)
Armour
 e - a +0 ring mail (worn)
 h - a +0 cloak (worn)
 j - a +1 helmet (worn)
 m - a +0 pair of boots (worn)
Jewellery
 c - an amulet of faith (around neck)
 p - an amulet of the acrobat
 q - a ring of magical power
Wands
 f - a wand of flame (10)
Potions
 b - a potion of enlightenment
 d - a potion of might
 g - 2 potions of curing
 i - a potion of ambrosia {unknown}
 l - a potion of heal wounds {unknown}
 n - a potion of haste {unknown}
 o - a potion of attraction {unknown}

Dungeon Overview and Level Annotations

Branches:
Dungeon (5/15)
 Temple: D:4-7

Altars:
Trog

Shops:
D:1 ?

Annotations:
D:5 Dowan, Duvessa


Message History

You hear a shout!
The gnoll hits you with a +0 flail.
Enter note: You shoot an arrow.
The arrow hits the gnoll but does no damage.
The gnoll is heavily wounded.
The gnoll hits you with a +0 flail.
The gnoll hits you from afar with a +0 spear.
You shoot an arrow. The arrow hits the gnoll.
The gnoll is heavily wounded.
The gnoll hits you with a +0 flail! The gnoll hits you but does no damage.
You shoot an arrow. The arrow barely misses the gnoll.
The gnoll completely misses you. The gnoll hits you but does no damage.
Duvessa, Sister of Dowan comes into view.
She is wielding a +0 rapier and wearing a +3 ring mail of willpower.
You shoot an arrow. The arrow hits the gnoll.
The gnoll is almost dead.
The gnoll hits you with a +0 flail. The gnoll closely misses you.
The phantom hits you but does no damage.
You shoot an arrow. The arrow completely misses the gnoll.
The gnoll closely misses you. The phantom hits you.
The gnoll hits you but does no damage.
You shoot an arrow. The arrow hits the gnoll.
You kill the gnoll!
Dowan hits you with a +0 dagger. The phantom misses you.
The gnoll closely misses you.
You shoot an arrow.
The arrow hits the phantom but does no damage.
The bullfrog hits you but does no damage.
Dowan barely misses you. The phantom hits you.
The phantom blinks!
You blink.
3619 ||| READING scroll of teleportation.
As you read the scroll of teleportation, it crumbles to dust.
You feel strangely unstable.
The bullfrog hits you but does no damage.
Dowan hits you with a +0 dagger. The phantom barely misses you.
The bullfrog hits you but does no damage.
Enter note: You shoot an arrow.
The arrow hits Dowan but does no damage.
Dowan hits you with a +0 dagger. Duvessa hits you with a +0 rapier!
You die...

...................#
...................#
.....#+####........######
..... #.............. ...
#..............
#..............
#..............
+....W.........
##....e@........
......Fe..#####
...#####g###
...+....g.g.....
#....g.......
#............
###...#..gg.. #...#.#....
...........


You could see Duvessa, a phantom, Dowan, a bullfrog and 3 gnolls.

Vanquished Creatures
  2 scorpions (D:4)
  A bombardier beetle (D:4)
  3 iguanas
  Jessica (D:2)
  An orc wizard (D:4)
  12 gnolls
  6 adders
  2 ribbon worms (D:2)
  7 orcs
  2 bats (D:1)
  6 endoplasms
  3 giant cockroaches
  9 goblins
  8 hobgoblins
  4 quokkas
  6 ball pythons
  2 frilled lizards
  4 kobolds
  6 rats
85 creatures vanquished.

Notes
Turn   | Place    | Note
-------+----------+-------------------------------------------
     0 | D:1      | qw the Deep Elf Hunter began the quest for the Orb.
     0 | D:1      | Reached XP level 1. HP: 12/12 MP: 3/3
     0 | D:1      | 0 ||| qw: Version: 0.3-a-160-g6735b56
     0 | D:1      | 0 ||| qw: Game counter: 5953
     0 | D:1      | 0 ||| qw: Melee chars always use a shield: true
     0 | D:1      | 0 ||| qw: God list: Okawaru
     0 | D:1      | 0 ||| qw: Allow faded altars: false
     0 | D:1      | 0 ||| qw: Do Orc after clearing Dungeon:15 true
     0 | D:1      | 0 ||| qw: Do second Lair branch before Depths: true
     0 | D:1      | 0 ||| qw: Lair rune preference: random
     0 | D:1      | 0 ||| qw: Goals: Normal
     0 | D:1      | 0 ||| PLANNING D:1-11
   105 | D:1      | Found Rebbin's Magic Scroll Boutique.
   111 | D:1      | 111 ||| SHOPLISTING scroll of identify (28 gold, have 11).
   111 | D:1      | 111 ||| SHOPLISTING scroll of teleportation (42 gold, have
                  | 11).
   192 | D:1      | Reached XP level 2. HP: 16/16 MP: 4/4
   197 | D:1      | Reached skill level 6 in Ranged Weapons
   761 | D:1      | 761 ||| DROPPING scarf of shadows.
   762 | D:1      | 762 ||| UPGRADING to +0 cloak.
   767 | D:1      | 767 ||| READING 2 scrolls labelled VUCVIU ITWI.
   770 | D:1      | 770 ||| READING scroll labelled COILUPL URIHUTA.
   771 | D:1      | 771 ||| DROPPING scroll of butterflies.
   793 | D:2      | Reached XP level 3. HP: 20/20 MP: 5/5
  1048 | D:2      | Noticed Jessica
  1059 | D:2      | HP: 5/20 [Jessica/+0 club (3)]
  1060 | D:2      | 1060 ||| READING scroll of teleportation.
  1061 | D:2      | Killed Jessica
  1062 | D:2      | Reached skill level 7 in Ranged Weapons
  1223 | D:2      | Reached XP level 4. HP: 25/25 MP: 6/6
  1752 | D:2      | 1752 ||| UPGRADING to +0 ring mail.
  1762 | D:2      | 1762 ||| DROPPING +0 leather armour.
  1763 | D:2      | 1763 ||| UPGRADING to +0 helmet.
  1768 | D:2      | 1768 ||| READING scroll labelled GOROYCR ZYCOA.
  1891 | D:3      | Reached skill level 8 in Ranged Weapons
  2166 | D:3      | Found a faded altar of an unknown god.
  2258 | D:3      | Found a bloodstained altar of Trog.
  2297 | D:3      | 2297 ||| UPGRADING to amulet of faith.
  2302 | D:3      | 2302 ||| READING scroll labelled MIT DANTIAGO.
  2302 | D:3      | 2302 ||| ENCHANTING +0 helmet.
  2428 | D:4      | Noticed a scorpion
  2429 | D:4      | 2429 ||| ZAPPING wand of flame (14) at -5,-4 (scorpion;
                  | floor).
  2430 | D:4      | 2430 ||| ZAPPING wand of flame (13) at -4,-3 (scorpion;
                  | floor).
  2431 | D:4      | 2431 ||| RETREEEEATING.
  2432 | D:4      | 2432 ||| RETREEEEATING.
  2435 | D:4      | 2435 ||| ZAPPING wand of flame (12) at 0,1 (scorpion;
                  | floor).
  2436 | D:4      | 2436 ||| ZAPPING wand of flame (11) at 0,1 (scorpion;
                  | floor).
  2436 | D:4      | Killed a scorpion
  2437 | D:4      | Reached XP level 5. HP: 26/29 MP: 7/7
  2440 | D:4      | Reached skill level 9 in Ranged Weapons
  2592 | D:4      | Reached XP level 6. HP: 36/36 MP: 8/8
  2616 | D:4      | Reached skill level 1 in Armour
  2751 | D:4      | HP: 8/36 [poisoned by an adder]
  2752 | D:4      | 2752 ||| READING scroll of teleportation.
  2756 | D:4      | HP: 4/36 [poisoned by an adder]
  2945 | D:4      | HP: 9/36 [gnoll/+0 flail (5)]
  2947 | D:4      | HP: 4/36 [gnoll/+0 flail (5)]
  3130 | D:4      | Reached skill level 10 in Ranged Weapons
  3440 | D:4      | Reached skill level 3 in Dodging
  3464 | D:4      | 3464 ||| UPGRADING to +0 pair of boots.
  3469 | D:4      | 3469 ||| DROPPING +1 hat.
  3470 | D:4      | 3470 ||| READING 2 scrolls labelled LIOSCHUE LOPRO.
  3470 | D:4      | 3470 ||| IDENTIFYING black potion
  3471 | D:4      | 3471 ||| READING scroll of identify.
  3471 | D:4      | 3471 ||| IDENTIFYING cyan potion
  3472 | D:4      | 3472 ||| READING scroll labelled VAFOGUHUNU.
  3573 | D:4      | 3573 ||| READING scroll labelled RIUKKE GISA.
  3574 | D:4      | 3574 ||| DRINKING 3 bubbling emerald potions.
  3586 | D:5      | Entered Level 5 of the Dungeon
  3587 | D:5      | 3587 ||| PLANNING SEWER
  3597 | D:5      | Reached XP level 7. HP: 40/40 MP: 9/9
  3609 | D:5      | Noticed Dowan
  3610 | D:5      | 3610 ||| RETREEEEATING.
  3614 | D:5      | Noticed Duvessa
  3618 | D:5      | HP: 9/40 [phantom (4)]
  3619 | D:5      | 3619 ||| READING scroll of teleportation.
  3619 | D:5      | HP: 3/40 [Dowan/+0 dagger (6)]
  3620 | D:5      | Mangled by Duvessa

Levels and vault maps discovered:
D:1:      onia_arrival_mini_spirals, layout_basic, serial_shops, shop,
          kennysheep_boxes
D:2:      layout_loops_corners, uniq_jessica
D:3:      layout_basic, lightli_temple_of_fire, shapermc_ecumenical_altar_gd
D:4:      layout_basic, kennysheep_diamond
D:5:      layout_gridville, portal_sewer_entry_d, roderic_lattice_a,
          grunt_ministairs_15, uniq_duvessa

Skill      XL: |  1  2  3  4  5  6 |
---------------+-------------------+-----
Ranged Weapons | 6 7 8 9 10 | 10.1
Fighting       | 2 |  2.4
Armour         | 1 |  1.3
Dodging        | 3 |  3.1
Stealth        | |  1.2

Action                     |  1- 3 |  4- 6 |  7- 9 || total
---------------------------+-------+-------+-------++-------
   Fire: Shortbow          |    90 |   201 |    10 ||   301
  Evoke: Wand              |       |     4 |       ||     4
    Use: Scroll            |     3 |     7 |     1 ||    11
         Potion            |       |     1 |       ||     1
 Armour: Leather armour    |    16 |    12 |       ||    28
         Ring mail         |       |    58 |    18 ||    76
  Dodge: Dodged            |    24 |    66 |     7 ||    97

Table legend:
 A = Non-vault XP
 B = Vault XP
 C = Vault XP percentage of total XP
 D = Non-vault monster count
 E = Vault monster count
 F = Vault count percentage of total count
                 A         B        C        D         E       F
            +---------+---------+-------+---------+---------+-------
      Total |     725 |      37 |   4.9 |      84 |       1 |   1.2
            +---------+---------+-------+---------+---------+-------
        D:1 |      39 |       0 |   0.0 |      23 |       0 |   0.0
        D:2 |      69 |      37 |  34.9 |      17 |       1 |   5.6
        D:3 |      35 |       0 |   0.0 |      12 |       0 |   0.0
        D:4 |     533 |       0 |   0.0 |      30 |       0 |   0.0
        D:5 |      49 |       0 |   0.0 |       2 |       0 |   0.0
            +---------+---------+-------+---------+---------+-------
